 Dungeon Crawl Stone Soup version 0.26-a0-505-g732bf3b8d2 (webtiles) character file.

Game seed: 5070043842998836798

23 Conn the Magician (level 2, -2/17 HPs)
             Began as an Octopode Hedge Wizard on Aug 9, 2020.
             Slain by a worm (11 damage)
             ... on level 1 of the Dungeon.
             The game lasted 00:02:36 (1445 turns).

Conn the Magician (Octopode Hedge Wizard)           Turns: 1445, Time: 00:02:37

Health: -2/17      AC:  1    Str:  9    XL:     2   Next: 95%
Magic:  0/6        EV: 13    Int: 16    God:
Gold:   24         SH:  0    Dex: 11    Spells: 3/8 levels left

rFire    . . .     SeeInvis .   a - +0 dagger
rCold    . . .     Faith    .   (no shield)
rNeg     . . .     Spirit   .   b - +0 hat
rPois    .         Reflect  .   (no amulet)
rElec    .         Harm     .   (no ring)
rCorr    .                      (no ring)
MR       .....                  (no ring)
Stlth    +++.......             (no ring)
HPRegen  0.05/turn              (no ring)
MPRegen  0.10/turn              (no ring)
                                (no ring)
                                (no ring)

@: no status effects
A: almost no armour, stealthy swim, amphibious, 8 rings, constrict 8, camouflage
1, gelatinous body 1
a: no special abilities


You were on level 1 of the Dungeon.
You visited 1 branch of the dungeon, and saw 2 of its levels.

You collected 24 gold pieces.

Inventory:

Hand Weapons
 a - a +0 dagger (weapon)
Missiles
 g - 11 poisoned darts (quivered)
Armour
 b - a +0 hat (worn)
Scrolls
 d - 2 scrolls of identify {unknown}
 e - a scroll of magic mapping {unknown}
 f - a scroll of immolation {unknown}
Potions
 c - a potion of heal wounds {unknown}


   Skills:
 + Level 0.1 Short Blades
 + Level 2.3 Dodging
 + Level 2.9 Stealth
 + Level 3.5 Spellcasting
 + Level 1.0 Conjurations
 + Level 1.0 Summonings
 + Level 1.0 Translocations


You had 3 spell levels left.
You knew the following spells:

 Your Spells              Type           Power        Failure   Level
a - Magic Dart            Conj           #...         12%         1
b - Blink                 Tloc           N/A          19%         2
c - Call Imp              Summ           #.......     19%         2

Your spell library contained the following spells:

 Spells                   Type           Power        Failure   Level
 Slow                     Hex            #.......     26%         2
 Conjure Flame            Conj/Fire      #.......     38%         3
 Mephitic Cloud           Conj/Pois/Air  #.......     43%         3


Dungeon Overview and Level Annotations

Branches:
Dungeon (2/15)

Altars:


Innate Abilities, Weirdness & Mutations

You cannot wear most types of armour.
You are very stealthy in the water. (Stealth+)
You are amphibious.
You can wear up to eight rings at the same time.
You can use your tentacles to constrict eight enemies at once.
Your skin changes colour to match your surroundings (Stealth+).
Your rubbery body absorbs attacks. (AC +1, EV +1)


Message History

Casting: Call Imp (safe; 19% risk of failure)
Confirm with . or Enter, or press ? or * to list all spells.
Aiming: Magic Dart (safe; 12% risk of failure)
Press: ? - help, Shift-Dir - straight line, f - worm
Aim: a worm The magic dart hits the worm.
The worm is lightly wounded.
You hit the worm. Your grab misses the worm.
The worm is lightly wounded.
You completely miss the worm. You grab the worm.
The worm is lightly wounded.
You constrict the worm. The worm bites you.
You hit the worm. You squeeze the worm.
The worm is heavily wounded.
You constrict the worm. You barely miss the worm.
The worm is heavily wounded.
You constrict the worm. The worm bites you!
Ouch! That really hurt!
You die...

##############
#......(.....#
#@##########.#
###### #w# #.#
.....# #.# #.#
####.# #.# #.#
#.# ####.######
#.# ####.#
#..(...w..## #.#
)....#
#.##.###...## #.#
####.#
#.##(##.....###.#
#.#
#.##.#.......##.#


You could see a worm.

Vanquished Creatures
  A dart slug (D:1)
  A leopard gecko (D:1)
  A giant cockroach (D:1)
  2 goblins (D:1)
  3 hobgoblins (D:1)
  5 kobolds (D:1)
  2 bats (D:1)
  2 frilled lizards (D:1)
  2 rats (D:1)
19 creatures vanquished.

Notes
Turn   | Place    | Note
-------+----------+-------------------------------------------
     0 | D:1      | Conn the Octopode Hedge Wizard began the quest for the Orb.
     0 | D:1      | Reached XP level 1. HP: 11/11 MP: 4/4
   506 | D:1      | Reached XP level 2. HP: 17/17 MP: 0/6
   566 | D:1      | Learned a level 2 spell: Blink
   569 | D:1      | Learned a level 2 spell: Call Imp
  1445 | D:1      | Slain by a worm

Illustrated notes

Levels and vault maps discovered:
D:1:      dpeg_arrival_morbid_curiosity, layout_loops_ring, amethyst_killhole
D:2:      layout_rooms, lemuel_doored_altar, uniq_sigmund

Action                   || total
-------------------------++-------
Melee: Dagger            ||    31
       Constrict         ||     6
       Tentacles         ||     5
 Cast: Magic Dart        ||    22
       Call Imp          ||     2
 Stab: Sleeping          ||     2
Armor: Skin              ||     1
Dodge: Dodged            ||    25

Table legend: (Time is in decaauts)
 A = Elapsed time spent in this place.
 B = Non-inter-level travel time spent in this place.
 C = Inter-level travel time spent in this place.
 D = Time resting spent in this place.
 E = Time spent auto-exploring this place.
 F = Levels seen in this place.
 G = Mean time per level.
                   A        B        C        D        E       F      G
               +--------+--------+--------+--------+--------+-----+--------+
         Total |   1445 |   1435 |     10 |    345 |    867 |   2 |  722.5 |
       Dungeon |   1445 |   1435 |     10 |    345 |    867 |   2 |  722.5 |
               +--------+--------+--------+--------+--------+-----+--------+

Top non-repeatable levels by time:
     D:1: 1438 daAuts
     D:2: 6 daAuts
